 Dungeon Crawl Stone Soup version 0.18.1-5-g4a78601 (console) character file.

329 2d6 the Distorting Demonspawn (level 6, -1/48 HPs)
             Began as a Demonspawn Abyssal Knight on May 14, 2016.
             Was a Believer of Lugonu.
             Slain by a river rat (6 damage)
             ... summoned by magipi's ghost
             ... on level 4 of the Dungeon.
             The game lasted 00:26:08 (4140 turns).

2d6 the Distorting Demonspawn (DsAK)                Turns: 4140, Time: 00:26:08

Health: -1/48      AC: 11    Str: 15    XL:     6   Next: 25%
Magic:  0/9        EV: 11    Int: 13    God:    Lugonu [**....]
Gold:   193        SH:  0    Dex: 12    Spells: 0 memorised, 5 levels left

rFire  + . .     SeeInvis .     r - +1 rapier (speed)
rCold  . . .     Gourm    .     t - +0 ring mail
rNeg   . . .     Faith    .     (no shield)
rPois  .         Spirit   +     (no helmet)
rElec  .         Dismiss  .     (no cloak)
rCorr  .         Reflect  .     (no gloves)
SustAt .         Harm     .     (no boots)
MR     .....                    g - amulet of guardian spirit
Stlth  ..........               (no ring)
                                o - ring of protection from fire

@: not resistant to hostile enchantments, extremely unstealthy
A: hooves 2, iridescent scales 2
a: Depart the Abyss, Bend Space, Renounce Religion


You were on level 4 of the Dungeon.
You worshipped Lugonu.
Lugonu was pleased with you.
You were hungry.

You visited 1 branch of the dungeon, and saw 4 of its levels.
You visited the Abyss 1 time.

You collected 193 gold pieces.

Inventory:

Hand Weapons
 a - a +1 falchion
 r - a +1 rapier of speed (weapon)
 y - a +0 hunting sling
Missiles
 j - 167 stones (quivered)
 p - 28 arrows
Armour
 b - a +0 leather armour
 d - a +0 leather armour
 t - a +0 ring mail (worn)
 u - a +0 scale mail
 v - a +0 chain mail
Jewellery
 g - an amulet of guardian spirit (around neck)
 o - a ring of protection from fire (left hand)
Wands
 C - a wand of iceblast (5/15)
Scrolls
 k - a scroll of enchant weapon {unknown}
 n - a scroll of magic mapping {unknown}
 w - a scroll of immolation {unknown}
 x - a scroll of blinking {unknown}
Potions
 e - a potion of cure mutation {unknown}
 h - 3 potions of heal wounds {unknown}
 i - a potion of lignification {unknown}
 l - a potion of degeneration {unknown}
 m - a potion of cancellation {unknown}
 q - 2 potions of haste {unknown}
 z - a potion of agility {unknown}
Comestibles
 c - 3 bread rations
 f - a beef jerky
 s - 3 meat rations
 B - a royal jelly


   Skills:
 + Level 4.2 Fighting
 + Level 2.9 Long Blades
 + Level 3.0 Armour
 + Level 2.4 Dodging
 + Level 4.6 Invocations
 + Level 0.2 Evocations


You had 5 spell levels left.
You didn't know any spells.

Dungeon Overview and Level Annotations

Branches:
Dungeon (4/15)
 Temple: D:4-7

Altars:
Dithmenos
Gozag
Kikubaaqudgha
Nemelex Xobeh
Sif Muna
Yredelemnul
Zin

Annotations:
D:4 magipi's ghost, amateur OgSu


Innate Abilities, Weirdness & Mutations

You have hoof-like feet.
You are mostly covered in iridescent scales (AC +6).


Message History

Magipi's ghost closely misses you.
You hit magipi's ghost but do no damage.
Magipi's ghost is severely damaged.
The river rat closely misses you.
You hit magipi's ghost but do no damage.
Magipi's ghost is severely damaged.
Magipi's ghost hits you!
* * * LOW HITPOINT WARNING * * *
Evoke which item? (* to show all) (? for menu, Esc to quit)
Zapping:
C - a wand of iceblast (5/15)
Press: ? - help, Shift-Dir - straight line, f - river rat
Aim: a river rat (heavily wounded, summoned)
Okay, then.
Read which item? (? for menu, Esc to quit)
Okay, then.
Space bends sharply around you!
The river rat blinks!
You feel jittery for a moment.
* * * LOW HITPOINT WARNING * * *
You feel slightly more hungry. The river rat bites you.
You die...

#### ######r@# ###
#.##.5W## ### #.#
##.####b.####.# #.##
###..# ##.....## #..#
#######....####rW##...##
##.#
.........o..##...###...#
#.## ..r...)§ro...#...#
#>..## #..#
###...####.......####...##
#..# #Wr##
##<......###....# #...


You could see magipi's ghost, a river rat, a white imp and a bat.

Vanquished Creatures
  A phantom (D:3)
  An orc wizard (D:3)
  3 worker ants (D:4)
  5 adders
  An ooze (D:1)
  2 worms
  3 giant geckos
  4 orcs
  A giant cockroach (D:2)
  9 goblins
  10 hobgoblins
  6 jackals
  7 kobolds
  A quokka (D:3)
  9 bats
  12 giant newts
  8 rats
83 creatures vanquished.

Notes
Turn   | Place    | Note
--------------------------------------------------------------
     0 | Abyss:1  | 2d6 the Demonspawn Abyssal Knight began the quest for the Orb.
     0 | Abyss:1  | Reached XP level 1. HP: 18/18 MP: 2/2
    23 | Abyss:2  | Noticed a large abomination
    25 | Abyss:2  | Noticed a shadow
    25 | D:1      | Escaped the Abyss
   169 | D:1      | Reached * piety under Lugonu
   291 | D:1      | Reached skill level 1 in Dodging
   351 | D:1      | Gained mutation: You are partially covered in iridescent scales (AC +4). [demonic ancestry]
   351 | D:1      | Reached XP level 2. HP: 8/24 MP: 2/4
  1215 | D:2      | Found a shadowy altar of Dithmenos.
  1278 | D:2      | Reached XP level 3. HP: 24/29 MP: 3/5
  1665 | D:2      | Reached ** piety under Lugonu
  1941 | D:2      | Gained mutation: You are mostly covered in iridescent scales (AC +6). [demonic ancestry]
  1941 | D:2      | Reached XP level 4. HP: 35/35 MP: 6/6
  2304 | D:3      | Found a basalt altar of Yredelemnul.
  2375 | D:3      | Found a sparkling altar of Nemelex Xobeh.
  2647 | D:3      | Found a glowing silver altar of Zin.
  2825 | D:3      | Noticed a phantom
  2869 | D:3      | Gained mutation: You have large cloven feet. [demonic ancestry]
  2869 | D:3      | Reached XP level 5. HP: 36/42 MP: 6/8
  2913 | D:3      | Killed a phantom
  3060 | D:3      | Found a deep blue altar of Sif Muna.
  3065 | D:3      | Found an ancient bone altar of Kikubaaqudgha.
  3465 | D:4      | Gained mutation: You have hoof-like feet. [demonic ancestry]
  3465 | D:4      | Reached XP level 6. HP: 43/48 MP: 6/9
  3707 | D:4      | Found an opulent altar of Gozag.
  3864 | D:4      | Noticed magipi's ghost (amateur OgSu)
  4140 | D:4      | Slain by a river rat

Skill      XL: |  1  2  3  4  5 |
---------------+----------------+-----
Dodging        | 1 2 |  2.4
Armour         | 2 3 |  3.0
Long Blades    | 2 |  2.9
Invocations    | 3 4 |  4.6
Fighting       | 4 |  4.2
Evocations     | |  0.2

Action                   |  1- 3 |  4- 6 || total
-------------------------+-------+-------++-------
Melee: Falchion          |   142 |       ||   142
       Rapier            |       |   250 ||   250
       Kick              |       |    26 ||    26
Throw: Stone             |    10 |       ||    10
Invok: Depart the Abyss  |     1 |       ||     1
       Bend Space        |       |     2 ||     2
  Use: Scroll            |       |     2 ||     2
       Potion            |       |     1 ||     1
  Eat: Chunk             |     4 |     6 ||    10
Armor: Leather armour    |    55 |     8 ||    63
       Ring mail         |       |    87 ||    87
Dodge: Dodged            |   102 |    75 ||   177
